 Dungeon Crawl Stone Soup version 0.27-a0-660-g90476cec82 (webtiles) character file.

Game seed: 2461349807718227116

60 theanonym the Sneak (level 3, 0/29 HPs)
             Began as a Mummy Delver on Mar 17, 2021.
             Killed from afar by an orc wizard (7 damage)
             ... with a puff of flame
             ... on level 4 of the Dungeon.
             The game lasted 00:01:50 (294 turns).

theanonym the Sneak (Mummy Delver)                   Turns: 294, Time: 00:01:50

Health: 0/29       AC:  4    Str: 16    XL:     3   Next: 82%
Magic:  3/3        EV: 11    Int:  9    God:
Gold:   33         SH:  3    Dex: 13    Spells: 2/2 levels left

rFire    x . .     SeeInvis .   a - +0 mace
rCold    + . .     Faith    .   j - +0 buckler
rNeg     + + +     Spirit   .   d - +2 robe of Vines {NoPotionHeal Regen+++}
rPois    ∞         Reflect  .   (no helmet)
rElec    .         Harm     .   (no cloak)
rCorr    .         Rampage  .   (no gloves)
Will     .....                  (no boots)
Stlth    ++........             (no amulet)
HPRegen  3.09/turn              (no ring)
MPRegen  0.08/turn              (no ring)

@: no status effects
A: cold resistance 1, negative energy resistance 3, torment resistance 2,
unbreathing 1, heat vulnerability 1, no potions
a: no special abilities


Innate Abilities, Weirdness & Mutations

You are immune to poison.
Your flesh is cold resistant. (rC+)
You are immune to negative energy. (rN+++)
You are immune to unholy pain and torment.
You can survive without breathing.
You are vulnerable to heat. (rF-)
You do not drink.


   Skills:
 - Level 3.0 Fighting
 * Level 3.4 Maces & Flails
 - Level 1.5 Dodging
 - Level 4.1 Stealth
 + Level 0.0 Shields


You had 2 spell levels left.
You didn't know any spells.
Your spell library was empty.

Skill      XL: |  1  2 |
---------------+-------+-----
Maces & Flails | 2 3 |  3.4
Fighting       | |  3.0
Dodging        | |  1.5
Stealth        | |  4.1

Action                   || total
-------------------------++-------
Melee: Mace              ||    46
 Stab: Sleeping          ||     2
Armor: Robe              ||    11
Dodge: Dodged            ||    37
Block: Buckler           ||     6

Inventory:

Hand Weapons
 a - a +0 mace (weapon)
Armour
 b - a +0 leather armour
 d - the +2 robe of Vines (worn) {NoPotionHeal Regen+++}

   It increases your rate of regeneration.
 j - a +0 buckler (worn)
Wands
 c - a wand of digging (3)
Scrolls
 e - a scroll of fear
 f - a scroll of fog
 g - a scroll of identify {unknown}
 h - 2 scrolls of amnesia {unknown}
 i - a scroll of enchant weapon {unknown}
 y - a scroll of magic mapping


You were on level 4 of the Dungeon.
You visited 1 branch of the dungeon, and saw 2 of its levels.

You collected 33 gold pieces.

Dungeon Overview and Level Annotations

Branches:
Dungeon (5/15)
 Temple: D:4-7

Altars:
Cheibriados

##. ... Z ..... ..#.#
..... ..#. ..... ...
....##.. #..... #
#.#.##.# #.Zoo..#
###@#### ........# #o#
. #.......###.#####.#
.####.................#
............##.#######
#..........##.#
#.............#
#......>...##.#
#..#..........#


You could see an orc wizard, 2 orcs and an adder skeleton.

Notes
Turn   | Place    | Note
-------+----------+-------------------------------------------
     0 | D:5      | theanonym the Mummy Delver began the quest for the Orb.
     0 | D:5      | Reached XP level 1. HP: 18/18 MP: 1/1
    27 | D:5      | Found the +2 robe of Vines {NoPotionHeal Regen+++}
    86 | D:5      | Noticed a worker ant
    98 | D:5      | Killed a worker ant
    99 | D:5      | Reached skill level 2 in Maces & Flails
    99 | D:5      | Reached XP level 2. HP: 24/24 MP: 2/2
   152 | D:5      | Reached skill level 3 in Maces & Flails
   152 | D:5      | Reached XP level 3. HP: 29/29 MP: 3/3
   234 | D:4      | Found a snail-covered altar of Cheibriados.
   290 | D:4      | HP: 13/29 [orc/+0 flail (11)]
   294 | D:4      | Killed from afar by an orc wizard

Vanquished Creatures
  2 worker ants
  An adder (D:5)
  An orc (D:4)
  A ball python (D:4)
  A quokka (D:5)
  A leopard gecko skeleton (D:4)
7 creatures vanquished.

Table legend: (Time is in decaauts)
 A = Elapsed time spent in this place.
 B = Non-inter-level travel time spent in this place.
 C = Inter-level travel time spent in this place.
 D = Time resting spent in this place.
 E = Time spent auto-exploring this place.
 F = Levels seen in this place.
 G = Mean time per level.
                   A        B        C        D        E       F      G
               +--------+--------+--------+--------+--------+-----+--------+
         Total |    306 |    289 |     17 |      0 |    157 |   2 |  153.0 |
       Dungeon |    306 |    289 |     17 |      0 |    157 |   2 |  153.0 |
               +--------+--------+--------+--------+--------+-----+--------+

Top non-repeatable levels by time:
     D:5: 174 daAuts
     D:4: 132 daAuts
